Map: Port Aleksander LE

Players

Smileblind

  • Race: Zerg Zerg
  • League: Silver
  • Spawn Location: 5:00

GambleGamble - Winner!

  • Race: Terran Terran
  • League: Platinum
  • Spawn Location: 11:00

VOD

Have the link to the VOD?

Description

Time

  • Played on: Jan. 16, 2019, 1:11 a.m.
  • Length: 7:20
Show
View Real Time Build Order
Export as new Build Order

Smileblind Zerg 

Build Orders: Pool First 

Get SALT Encoding   

  12  0:05  Drone  
  13  0:09  Drone  
  14  0:30  Spawning Pool  
  14  0:35  Overlord  
  13  0:41  Drone  
  14  0:55  Drone  
  15  0:57  Drone  
  16  1:18  Zergling x2  
  16  1:19  Zergling x2  
  16  1:22  Hatchery  
  16  1:23  Zergling x2  
  18  1:33  Queen  
  20  1:41  Overlord  
  20  1:46  Zergling x2  
  21  1:54  Zergling x2  
  22  2:18  Zergling x2  
  22  2:19  Zergling x2  
  22  2:35  Zergling x2  
  20  2:56  Zergling x2  
  18  3:00  Queen  
  18  3:01  Drone  
  21  3:05  Zergling x2  
  21  3:06  Zergling x10  
  21  3:12  Zergling x2  
  27  3:21  Zergling x2  
  22  3:44  Zergling x4  
  19  3:49  Zergling x6  
  22  4:01  Spine Crawler, Zergling x2  
  21  4:06  Queen  
  22  4:12  Zergling x2  
  22  4:27  Zergling x6  
  25  4:38  Spine Crawler  
  25  4:43  Zergling x2  
  18  4:56  Zergling x8  
  18  4:59  Queen  
  20  5:32  Drone x2, Spawning Pool  
  14  6:22  Zergling x14  
  14  6:23  Zergling x2  
  22  6:27  Queen  
  24  6:35  Spine Crawler  
  10  6:48  Zergling x10  
  7  6:59  Zergling x2  
Show
View Real Time Build Order
Export as new Build Order

GambleGamble Terran - Winner!

Build Orders:  

Get SALT Encoding   

  12  0:11  Supply Depot  
  12  0:18  SCV  
  13  0:30  SCV  
  14  0:43  SCV  
  14  0:47  Barracks  
  15  0:55  SCV  
  16  1:01  Supply Depot  
  16  1:07  SCV  
  17  1:15  Barracks  
  17  1:24  SCV  
  18  1:30  Barracks  
  18  1:36  SCV  
  18  1:37  Marine  
  20  1:48  Bunker  
  20  1:55  Marine  
  20  1:57  Supply Depot  
  20  2:22  Marine  
  20  2:36  Marine  
  21  2:39  Marine  
  22  2:45  Supply Depot  
  22  2:54  Marine  
  22  2:57  Marine  
  24  3:01  Marine  
  25  3:11  Marine  
  26  3:15  Marine  
  26  3:19  Marine  
  28  3:23  SCV  
  29  3:29  Marine  
  29  3:33  Marine  
  31  3:35  SCV  
  31  3:37  Marine  
  32  3:46  Bunker  
  32  3:47  Marine  
  33  3:51  Marine  
  33  3:55  Marine  
  34  4:05  Marine  
  34  4:08  Marine  
  36  4:13  Marine  
  35  4:23  Marine  
  36  4:26  Marine  
  36  4:30  Marine  
  37  4:41  Marine  
  37  4:44  Marine  
  39  4:48  Marine  
  36  4:58  Marine  
  37  5:02  Marine  
  37  5:06  Marine  
  39  5:16  Marine  
  39  5:20  Marine  
  34  5:24  Marine  
  33  5:29  Command Center  
  33  5:34  Marine  
  34  5:38  Marine  
  34  5:42  Marine  
  35  5:52  Marine  
  35  5:55  Marine  
  36  5:59  Marine  
  37  6:10  Marine  
  38  6:13  Marine  
  38  6:17  Marine  
  37  6:28  Marine  
  37  6:31  Marine  
  39  6:35  Marine  
  40  6:45  Marine  
  37  6:49  Marine  
  37  6:53  Marine  
Tags
 
Add a new tag
Caveats
  • Supply blocks, unpowered buildings, or Contaminate may cause inaccurate times.
  • Supply counts are checked every 10 seconds.